 Dungeon Crawl Stone Soup version 0.27-a0-1359-ga2a4dfd6fd (webtiles) character file.

Game seed: 15407393021161541211

42 DeathBySnail the Skirmisher (level 3, -1/33 HPs)
             Began as a Hill Orc Monk on June 28, 2021.
             Slain by Robin (5 damage)
             ... on level 3 of the Dungeon.
             The game lasted 00:07:33 (985 turns).

DeathBySnail the Skirmisher (Hill Orc Monk)          Turns: 985, Time: 00:07:33

Health: -1/33      AC:  5    Str: 14    XL:     3   Next: 56%
Magic:  3/3        EV: 12    Int: 10    God:
Gold:   38         SH:  0    Dex: 13    Spells: 2/2 levels left

rFire    . . .     SeeInvis .   a - +0 short sword
rCold    . . .     Faith    .   (no shield)
rNeg     . . .     Spirit   .   b - +0 robe
rPois    .         Reflect  .   (no helmet)
rElec    .         Harm     .   (no cloak)
rCorr    .         Rampage  .   i - +2 pair of gloves
Will     .....                  (no boots)
Stlth    ++........             (no amulet)
HPRegen  0.11/turn              (no ring)
MPRegen  0.08/turn              (no ring)

@: on berserk cooldown, slowed, very slow
A: no striking features
a: no special abilities


You were on level 3 of the Dungeon.
You visited 1 branch of the dungeon, and saw 3 of its levels.

You collected 38 gold pieces.

Inventory:

Hand Weapons
 a - a +0 short sword (weapon)
 e - a +0 hand axe
 f - a +0 dagger
 j - a +0 club
 l - a +0 whip
Missiles
 m - 15 poisoned darts (quivered)
Armour
 b - a +0 robe (worn)
 i - a +2 pair of gloves (worn)
Magical Staves
 d - a staff of air
Scrolls
 c - a scroll of identify {unknown}
 h - a scroll of enchant armour {unknown}
 k - a scroll of fog {unknown}


   Skills:
 + Level 4.1 Fighting
 + Level 3.5 Short Blades
 + Level 2.9 Dodging
 + Level 1.7 Stealth


You had 2 spell levels left.
You didn't know any spells.
Your spell library was empty.

Dungeon Overview and Level Annotations

Branches:
Dungeon (3/15)

Altars:

Annotations:
D:3 Robin


Message History

The hobgoblin closely misses you. The goblin barely misses you.
You hit the hobgoblin.
You kill the hobgoblin!
Robin hits you from afar with a +0 spear.
The goblin misses you.
You closely miss the goblin. Robin closely misses you.
You barely miss the goblin. The goblin barely misses you.
Robin barely misses you.
You hit the goblin.
The goblin is almost dead.
The goblin closely misses you.
Robin hits you from afar with a +0 spear.
You barely miss the goblin.
The goblin is almost dead.
The goblin barely misses you. Robin closely misses you.
You closely miss the goblin.
The goblin is almost dead.
The goblin misses you. Robin closely misses you.
You hit the goblin but do no damage.
The goblin is almost dead.
The goblin no longer looks unusually strong.
The goblin barely misses you. Robin barely misses you.
You hit the goblin.
You kill the goblin!
Robin misses you.
It was a potion of berserk rage.
A red film seems to cover your vision as you go berserk!
You feel yourself moving faster!
You feel mighty! Robin misses you.
You feel a strong urge to attack something.
Robin hits you but does no damage.
You feel your anger nearly subside.
You are no longer berserk.
You are exhausted.
You feel yourself slow down.
Robin hits you from afar with a +0 spear.
* * * LOW HITPOINT WARNING * * *
Robin hits you from afar with a +0 spear.
* * * LOW HITPOINT WARNING * * *
Robin misses you.
You barely miss Robin. Robin hits you with a +0 spear.
You die...

******,**#.#* *,******* #*
#.# #.# *,,,,,,,, .* #.#
#.# ********, #* #.# #.#
*, # #.# #.# *, # #.# #.#
*, # #.###.#############
*,
######...........g...))#
*,
.........#.###..@#####)#
*,
########.#.#.......#*..#
*****,
#.......######g##****,,,,,
#.......#,,,,g.,,,,,*****,
#.......#,**##?****,* *,,,
#.....#.#,*,,..,,,*,* *,*,
#.......#,*,*#.**,*,***,,,
#.#####.#,*,*,,,*,*,*,,,,,
#.* #..,,,,,_,,,,,,,*,**


You could see Robin.

Vanquished Creatures
  A worm (D:2)
  2 ball pythons
  3 endoplasms
  A giant cockroach (D:1)
  8 goblins
  2 hobgoblins
  7 jackals
  3 kobolds
  3 bats (D:1)
  A rat (D:2)
31 creatures vanquished.

Vanquished Creatures (others)
  A fungus (D:2)
1 creature vanquished.

Grand Total: 32 creatures vanquished

Notes
Turn   | Place    | Note
-------+----------+-------------------------------------------
     0 | D:1      | DeathBySnail the Hill Orc Monk began the quest for the Orb.
     0 | D:1      | Reached XP level 1. HP: 19/19 MP: 1/1
    35 | D:1      | Reached XP level 2. HP: 9/27 MP: 2/2
   591 | D:1      | Reached skill level 4 in Fighting
   667 | D:2      | Reached XP level 3. HP: 16/33 MP: 3/3
   950 | D:3      | Noticed Robin
   985 | D:3      | Slain by Robin

Illustrated notes

Levels and vault maps discovered:
D:1:      psy_arrival_fountain, layout_loops_corners,
          shapermc_ecumenical_altar_hornbeckon
D:2:      layout_basic, uniq_crazy_yiuf_cottage
D:3:      layout_loops_ring, nicolae_ru_sacrificial_ziggurat, uniq_robin

Skill      XL: |  1  2 |
---------------+-------+-----
Fighting       | 4 |  4.1
Short Blades   | |  3.5
Dodging        | |  2.9
Stealth        | |  1.7

Action                   || total
-------------------------++-------
Melee: Short sword       ||   109
  Use: Scroll            ||     1
       Potion            ||     1
 Stab: Sleeping          ||     3
Armor: Robe              ||    29
Dodge: Dodged            ||   110

Table legend: (Time is in decaauts)
 A = Elapsed time spent in this place.
 B = Non-inter-level travel time spent in this place.
 C = Inter-level travel time spent in this place.
 D = Time resting spent in this place.
 E = Time spent auto-exploring this place.
 F = Levels seen in this place.
 G = Mean time per level.
                   A        B        C        D        E       F      G
               +--------+--------+--------+--------+--------+-----+--------+
         Total |    977 |    874 |    103 |    235 |    182 |   3 |  325.7 |
       Dungeon |    977 |    874 |    103 |    235 |    182 |   3 |  325.7 |
               +--------+--------+--------+--------+--------+-----+--------+

Top non-repeatable levels by time:
     D:1: 621 daAuts
     D:3: 254 daAuts
     D:2: 102 daAuts
